Gangsters vs Mulligans
Created - January 16, 2019 at 19:01
Goals
|
| Gangsters |
2 |
0 |
1 |
3 |
| Mulligans |
1 |
1 |
4 |
6 |
|
Shots
|
| Gangsters |
10 |
15 |
12 |
37 |
| Mulligans |
14 |
6 |
13 |
33 |
|
1st period
1. Gangsters , Alexander Wennberg 18 (Brett Ponich 16, Phillip Danault 8) at 8:00
2. Gangsters , Maxime Sauvé 28 (Seth Griffith 6, Patrik Nemeth 16) at 13:52
3. Mulligans , Nick Bonino 30 (Matt Donovan 39, Eric Tangradi 24) at 19:16 (PP)
Penalties :
Stefan Noesen (Bro) for Close Hand On Puck (Minor) at 15:12, Brett Ponich (Bro) for Tripping (Minor) at 19:09, Richard Panik (Bro) for Holding (Minor) at 19:38
2nd period
4. Mulligans , Maxime Macenauer 16 (Joonas Donskoi 12, Drayson Bowman 15) at 6:23
Penalties :
Joonas Donskoi (Rep) for Hooking (Minor) at 12:29, Brett Ponich (Bro) for High sticking (Minor) at 17:58
3rd period
5. Mulligans , Logan Shaw 9 (Sven Baertschi 11) at 7:48
6. Gangsters , Dave Dziurzynski 23 (Matt Delahey 16, Richard Panik 15) at 13:16 (PP)
7. Mulligans , Anton Lander 17 (Logan Shaw 14, Sven Baertschi 12) at 15:47
8. Mulligans , Nick Bonino 31 (Eric Tangradi 25) at 15:51
9. Mulligans , Logan Shaw 10 (Anton Lander 17, Matt Donovan 40) at 16:31 (PP)
Penalties :
Maxime Sauvé (Bro) for Holding (Minor) at 7:56, Eric Tangradi (Rep) for Boarding (Minor) at 13:01, Matt Delahey (Bro) for High sticking (Minor) at 15:54
Goalie Stats
Dustin Tokarski (Bro), 27 saves from 33 shots - (0.818), L, 13-16-1, 60:00 minutes
Calvin Pickard (Rep), 34 saves from 37 shots - (0.919), W, 11-7-2, 60:00 minutes
Players Stats for Gangsters
Player Name G A P +/- PIM S H SB GA TA FO MP PP MP PK MP
------------------------------------------------------------------------------------
Alexander Wennberg 1 0 1 0 0 3 0 1 0 0 1/2 13:27 0:00 1:25
Austen Brassard 0 0 0 0 0 0 0 0 0 0 0/0 7:11 0:00 0:00
Brett Ponich 0 1 1 0 4 0 2 1 1 1 0/0 18:24 0:56 2:26
Dave Dziurzynski 1 0 1 -1 0 5 3 0 2 0 0/1 16:17 1:18 0:04
David Pope 0 0 0 -1 0 4 5 0 0 0 1/2 17:27 0:56 1:41
Derrick Pouliot 0 0 0 0 0 0 1 1 0 1 0/0 15:19 0:00 1:21
Jonas Brodin 0 0 0 0 0 2 0 2 0 0 0/0 13:58 0:00 0:00
Kevin Roy 0 0 0 0 0 0 0 0 0 0 0/0 3:54 0:00 0:00
Matt Delahey 0 1 1 -2 2 3 0 0 1 1 0/0 26:16 1:18 4:53
Maxime Sauvé 1 0 1 -1 2 3 3 0 1 3 18/33 24:11 1:18 3:56
Morgan Ellis 0 0 0 0 0 1 0 1 0 0 0/0 19:08 0:56 3:10
Patrik Nemeth 0 1 1 -2 0 0 3 0 1 1 0/0 26:54 1:18 5:30
Phillip Danault 0 1 1 0 0 2 2 0 0 1 0/1 14:53 0:00 2:44
Richard Panik 0 1 1 -1 2 5 0 0 1 0 5/5 19:39 1:18 3:44
Sebastian Collberg 0 0 0 0 0 1 1 0 0 0 0/0 12:01 0:00 0:00
Seth Griffith 0 1 1 0 0 1 0 0 0 0 2/6 8:02 0:00 0:40
Stefan Noesen 0 0 0 -1 2 3 2 0 0 1 0/0 15:46 0:56 0:00
Tomas Hertl 0 0 0 -1 0 4 2 2 1 0 6/10 18:27 0:56 3:06
Players Stats for Mulligans
Player Name G A P +/- PIM S H SB GA TA FO MP PP MP PK MP
------------------------------------------------------------------------------------
Anton Lander 1 1 2 1 0 3 1 0 1 0 3/7 18:06 3:34 1:34
Ben Hutton 0 0 0 0 0 2 0 1 0 0 0/0 13:05 0:00 0:00
Cade Fairchild 0 0 0 0 0 2 0 0 1 2 0/0 18:58 2:50 0:48
Christoph Bertschy 0 0 0 -1 0 2 0 0 0 0 1/3 9:31 0:07 0:00
Cody Goloubef 0 0 0 2 0 0 1 1 2 0 0/0 25:02 5:50 1:26
Dalton Thrower 0 0 0 0 0 1 1 0 0 0 0/0 2:55 0:00 0:00
Darren Dietz 0 0 0 0 0 1 0 2 0 0 0/0 13:05 0:00 0:00
Drayson Bowman 0 1 1 1 0 2 0 0 0 0 1/1 12:05 0:14 0:23
Eric Tangradi 0 2 2 1 2 2 0 0 0 1 1/3 20:31 4:59 0:17
Jonathan Tremblay 0 0 0 1 0 0 5 2 1 2 0/2 21:44 4:53 1:34
Joonas Donskoi 0 1 1 1 2 4 1 0 0 0 1/1 11:55 0:27 0:00
Logan Shaw 2 1 3 1 0 2 5 0 0 1 1/1 16:18 3:20 0:00
Matt Beleskey 0 0 0 -1 0 2 1 0 0 1 1/1 9:22 0:00 0:00
Matt Donovan 0 2 2 2 0 2 2 4 3 1 0/0 27:57 5:50 1:26
Maxime Macenauer 1 0 1 1 0 3 1 0 0 0 2/3 11:51 0:00 0:23
Michael Sdao 0 0 0 0 0 0 1 0 0 0 0/0 18:58 2:50 0:48
Nick Bonino 2 0 2 1 0 4 0 0 0 0 16/38 20:14 4:59 0:00
Sven Baertschi 0 2 2 1 0 1 1 0 1 0 0/0 16:45 3:27 0:17
Valeri Nichushkin 0 0 0 -1 0 0 0 0 0 0 0/0 9:22 0:00 0:00
3 Stars
1 - Logan Shaw (Rep)
2 - Nick Bonino (Rep)
3 - Matt Donovan (Rep)
Power Play
Gangsters - 1 on 2 Attempt(s) - 50.00%
Mulligans - 2 on 6 Attempt(s) - 33.33%
Penalty Kill
Gangsters - 4 on 6 Attempt(s) - 66.67%
- Score 0 goal in Penalty Kill
Mulligans - 1 on 2 Attempt(s) - 50.00%
- Score 0 goal in Penalty Kill
Team Stat
Gangsters - Hits : 24 - Faceoff Wins : 33 - Blocked Shots : 8 - Penalty Minutes : 12
Mulligans - Hits : 20 - Faceoff Wins : 27 - Blocked Shots : 10 - Penalty Minutes : 4
Official
Referees : Unknown
Linesman : Unknown
Game Notes
No Game Note
Finance
Level 1 -- Attendance: 1410 (70.50%) -- Ticket Income $35,250
Level 2 -- Attendance: 729 (72.90%) -- Ticket Income $8,748
Total Attendance: 2139 (71.30%)
Total Ticket Income: $43,998
Other Income: $2,200
Total Income: $46,198
Gangsters
5 vs 5 Forward
Center Left Wing Right Wing Time % Phy DF OF
1 Maxime Sauvé Dave Dziurzynski Richard Panik 40 1 2 2
2 Tomas Hertl David Pope Stefan Noesen 30 1 2 2
3 Alexander Wennberg Phillip Danault Sebastian Collberg 20 1 2 2
4 Seth Griffith Maxime Sauvé Austen Brassard 10 1 2 2
5 vs 5 Defense
Defense Defense Time % Phy DF OF
1 Patrik Nemeth Matt Delahey 40 1 2 2
2 Brett Ponich Morgan Ellis 30 1 2 2
3 Jonas Brodin Derrick Pouliot 20 1 2 2
4 Patrik Nemeth Matt Delahey 10 1 2 2
PowerPlay Forward
Center Left Wing Right Wing Time % Phy DF OF
1 Maxime Sauvé Dave Dziurzynski Richard Panik 60 1 2 2
2 Tomas Hertl David Pope Stefan Noesen 40 1 2 2
PowerPlay Defense
Defense Defense Time % Phy DF OF
1 Patrik Nemeth Matt Delahey 60 1 2 2
2 Brett Ponich Morgan Ellis 40 1 2 2
Penalty Kill 4 Players Forward
Center Wing Time % Phy DF OF
1 Maxime Sauvé Richard Panik 60 1 2 2
2 Tomas Hertl Alexander Wennberg 40 1 2 2
Penalty Kill 4 Players Defense
Defense Defense Time % Phy DF OF
1 Patrik Nemeth Matt Delahey 60 1 2 2
2 Brett Ponich Morgan Ellis 40 1 2 2
Penalty Kill - 3 Players Forward
Forward Time % Phy DF OF
1 Maxime Sauvé 60 1 2 2
2 Richard Panik 40 1 2 2
Penalty Kill - 3 Players Defense
Defense Defense Time % Phy DF OF
1 Patrik Nemeth Matt Delahey 60 1 2 2
2 Brett Ponich Morgan Ellis 40 1 2 2
4 vs 4 Forward
Center Wing Time % Phy DF OF
1 Maxime Sauvé Richard Panik 60 1 2 2
2 Tomas Hertl Alexander Wennberg 40 1 2 2
4 vs 4 Defense
Defense Defense Time % Phy DF OF
1 Patrik Nemeth Matt Delahey 60 1 2 2
2 Brett Ponich Morgan Ellis 40 1 2 2
Last Minutes Offensive
Center Left Wing Right Wing Defense Defense
Maxime Sauvé Dave Dziurzynski Richard Panik Patrik Nemeth Matt Delahey
Last Minutes Defensive
Center Left Wing Right Wing Defense Defense
Maxime Sauvé Dave Dziurzynski Richard Panik Patrik Nemeth Matt Delahey
Goaltenders
Starting : Dustin Tokarski
Backup : Mike Condon
Extra Forwards
Normal : Kevin Roy, Seth Griffith, Phillip Danault - PP : Kevin Roy, Seth Griffith - PK : Phillip Danault
Extra Defensemen
Normal : Jonas Brodin, Derrick Pouliot, Brett Ponich - PP : Jonas Brodin - PK : Derrick Pouliot, Brett Ponich
Penalty Shots
Maxime Sauvé, Richard Panik, Tomas Hertl, Alexander Wennberg, Dave Dziurzynski
Scratches
Jordan Subban (Healthy), Ryan Culkin (Healthy), Devante Smith-Pelly (Healthy), Steven Santini (Healthy), Jordan Binnington (Healthy)
Mulligans
5 vs 5 Forward
Center Left Wing Right Wing Time % Phy DF OF
1 Nick Bonino Eric Tangradi Jonathan Tremblay 40 0 2 3
2 Anton Lander Sven Baertschi Logan Shaw 30 0 2 3
3 Maxime Macenauer Drayson Bowman Joonas Donskoi 20 0 2 3
4 Christoph Bertschy Matt Beleskey Valeri Nichushkin 10 0 2 3
5 vs 5 Defense
Defense Defense Time % Phy DF OF
1 Matt Donovan Cody Goloubef 40 1 2 2
2 Michael Sdao Cade Fairchild 30 1 2 2
3 Ben Hutton Darren Dietz 20 1 2 2
4 Dalton Thrower Matt Donovan 10 1 2 2
PowerPlay Forward
Center Left Wing Right Wing Time % Phy DF OF
1 Nick Bonino Eric Tangradi Jonathan Tremblay 60 1 2 2
2 Anton Lander Sven Baertschi Logan Shaw 40 1 2 2
PowerPlay Defense
Defense Defense Time % Phy DF OF
1 Matt Donovan Cody Goloubef 60 1 2 2
2 Michael Sdao Cade Fairchild 40 1 2 2
Penalty Kill 4 Players Forward
Center Wing Time % Phy DF OF
1 Anton Lander Jonathan Tremblay 60 1 2 2
2 Maxime Macenauer Drayson Bowman 40 1 2 2
Penalty Kill 4 Players Defense
Defense Defense Time % Phy DF OF
1 Matt Donovan Cody Goloubef 60 1 2 2
2 Michael Sdao Cade Fairchild 40 1 2 2
Penalty Kill - 3 Players Forward
Forward Time % Phy DF OF
1 Nick Bonino 60 1 2 2
2 Eric Tangradi 40 1 2 2
Penalty Kill - 3 Players Defense
Defense Defense Time % Phy DF OF
1 Matt Donovan Cody Goloubef 60 1 2 2
2 Michael Sdao Cade Fairchild 40 1 2 2
4 vs 4 Forward
Center Wing Time % Phy DF OF
1 Nick Bonino Eric Tangradi 60 1 2 2
2 Anton Lander Logan Shaw 40 1 2 2
4 vs 4 Defense
Defense Defense Time % Phy DF OF
1 Matt Donovan Cody Goloubef 60 1 2 2
2 Michael Sdao Cade Fairchild 40 1 2 2
Last Minutes Offensive
Center Left Wing Right Wing Defense Defense
Nick Bonino Eric Tangradi Jonathan Tremblay Matt Donovan Cody Goloubef
Last Minutes Defensive
Center Left Wing Right Wing Defense Defense
Anton Lander Eric Tangradi Jonathan Tremblay Matt Donovan Cody Goloubef
Goaltenders
Starting : Calvin Pickard
Backup : Juuse Saros
Extra Forwards
Normal : Nick Bonino, Anton Lander, Eric Tangradi - PP : Jonathan Tremblay, Nick Bonino - PK : Eric Tangradi
Extra Defensemen
Normal : Ben Hutton, Darren Dietz, Dalton Thrower - PP : Ben Hutton - PK : Darren Dietz, Dalton Thrower
Penalty Shots
Maxime Macenauer, Eric Tangradi, Anton Lander, Nick Bonino, Jonathan Tremblay
Scratches
Reid Boucher (Healthy), Nick Moutrey (Healthy), John Hayden (Healthy), Jonny Brodzinski (Healthy), Marek Langhamer (Healthy)
% Time on Ice - Gangsters
Lines # - Real PCT - Wanted PCT - Time Play
Normal Forward
1 - 31% - 40% - 15:03
2 - 30% - 30% - 14:51
3 - 24% - 20% - 12:01
4 - 15% - 10% - 7:11
Normal Defense
1 - 39% - 40% - 18:56
2 - 31% - 30% - 15:02
3 - 28% - 20% - 13:58
4 - 2% - 10% - 1:10
PP Forward
1 - 58% - 60% - 1:18
2 - 42% - 40% - 0:56
PP Defense
1 - 58% - 60% - 1:18
2 - 42% - 40% - 0:56
PK Forward
1 - 84% - 60% - 7:15
2 - 16% - 40% - 1:25
PK Defense
1 - 63% - 60% - 5:30
2 - 37% - 40% - 3:10
PK3 Forward
1 - 0% - 60%
2 - 0% - 40%
PK3 Defense
1 - 0% - 60%
2 - 0% - 40%
44 Forward
1 - 0% - 60%
2 - 0% - 40%
44 Defense
1 - 0% - 60%
2 - 0% - 40%
Last Minute Offensive - 0:00
Last Minute Defensive - 0:00
Total
Forward - 60:00
Defense - 60:00
|
% Time on Ice - Mulligans
Lines # - Real PCT - Wanted PCT - Time Play
Normal Forward
1 - 31% - 40% - 15:18
2 - 26% - 30% - 12:58
3 - 23% - 20% - 11:28
4 - 19% - 10% - 9:22
Normal Defense
1 - 36% - 40% - 17:46
2 - 31% - 30% - 15:20
3 - 27% - 20% - 13:05
4 - 6% - 10% - 2:55
PP Forward
1 - 59% - 60% - 5:06
2 - 41% - 40% - 3:34
PP Defense
1 - 67% - 60% - 5:50
2 - 33% - 40% - 2:50
PK Forward
1 - 83% - 60% - 1:51
2 - 17% - 40% - 0:23
PK Defense
1 - 64% - 60% - 1:26
2 - 36% - 40% - 0:48
PK3 Forward
1 - 0% - 60%
2 - 0% - 40%
PK3 Defense
1 - 0% - 60%
2 - 0% - 40%
44 Forward
1 - 0% - 60%
2 - 0% - 40%
44 Defense
1 - 0% - 60%
2 - 0% - 40%
Last Minute Offensive - 0:00
Last Minute Defensive - 0:00
Total
Forward - 60:00
Defense - 60:00
|
Play-by-Play
1st period
0:01 of 1st period - Richard Panik wins face-off versus Nick Bonino in neutral zone.
0:06 of 1st period - Slapshot by Dave Dziurzynski.
0:06 of 1st period - Stopped by Calvin Pickard without a rebound.
0:07 of 1st period - Maxime Sauvé wins face-off versus Jonathan Tremblay in Mulligans zone.
0:42 of 1st period - Slapshot by Matt Donovan.
0:42 of 1st period - Deflect By Tomas Hertl.
0:42 of 1st period - Stopped by Dustin Tokarski with a rebound.
1:12 of 1st period - Patrik Nemeth is hit by Jonathan Tremblay and loses puck.
1:21 of 1st period - Snap shot by Nick Bonino.
1:21 of 1st period - Stopped by Dustin Tokarski without a rebound.
1:22 of 1st period - Christoph Bertschy wins face-off versus Seth Griffith in Gangsters zone.
1:25 of 1st period - Slapshot by Darren Dietz.
1:25 of 1st period - Stopped by Dustin Tokarski without a rebound.
1:26 of 1st period - Seth Griffith wins face-off versus Christoph Bertschy in Gangsters zone.
1:42 of 1st period - Snap shot by Seth Griffith.
1:42 of 1st period - Shot Misses the Net.
1:52 of 1st period - Brett Ponich is hit by Dalton Thrower and loses puck.
3:42 of 1st period - Brett Ponich is hit by Matt Donovan and loses puck.
3:57 of 1st period - Maxime Macenauer is hit by Maxime Sauvé and loses puck.
4:38 of 1st period - Wrist shot by Eric Tangradi.
4:38 of 1st period - Shot Blocked by Derrick Pouliot.
5:00 of 1st period - Slapshot by Drayson Bowman.
5:00 of 1st period - Shot Blocked by Brett Ponich.
5:16 of 1st period - Snap shot by Joonas Donskoi.
5:16 of 1st period - Stopped by Dustin Tokarski with a rebound.
5:34 of 1st period - Snap shot by Maxime Sauvé.
5:34 of 1st period - Stopped by Calvin Pickard without a rebound.
5:35 of 1st period - Maxime Sauvé wins face-off versus Nick Bonino in Mulligans zone.
6:00 of 1st period - Logan Shaw is hit by Patrik Nemeth.
6:37 of 1st period - Snap shot by Phillip Danault.
6:37 of 1st period - Shot Misses the Net.
6:39 of 1st period - Snap shot by Sebastian Collberg.
6:39 of 1st period - Stopped by Calvin Pickard with a rebound.
6:41 of 1st period - Wrist shot by Phillip Danault.
6:41 of 1st period - Stopped by Calvin Pickard with a rebound.
7:13 of 1st period - Slapshot by Alexander Wennberg.
7:13 of 1st period - Shot Misses the Net.
7:50 of 1st period - Wrist shot by Morgan Ellis.
7:50 of 1st period - Shot Misses the Net.
7:56 of 1st period - Snap shot by Alexander Wennberg.
7:56 of 1st period - Shot Misses the Net.
7:58 of 1st period - Slapshot by Brett Ponich.
7:58 of 1st period - Shot Blocked by Darren Dietz.
8:00 of 1st period - Slapshot by Alexander Wennberg.
8:00 of 1st period - Goal by Alexander Wennberg - Gangsters : 1 - Mulligans : 0.
8:01 of 1st period - Maxime Sauvé wins face-off versus Eric Tangradi in neutral zone.
8:50 of 1st period - Michael Sdao is hit by Maxime Sauvé and loses puck.
9:24 of 1st period - Patrik Nemeth is hit by Logan Shaw and loses puck.
9:30 of 1st period - Icing by Richard Panik.
9:31 of 1st period - Richard Panik wins face-off versus Nick Bonino in Gangsters zone.
9:38 of 1st period - Snap shot by Dave Dziurzynski.
9:38 of 1st period - Deflect By Kevin Roy.
9:38 of 1st period - Shot Misses the Net.
9:38 of 1st period - Puck is out of play.
9:39 of 1st period - Tomas Hertl wins face-off versus Nick Bonino in Mulligans zone.
9:40 of 1st period - Snap shot by Stefan Noesen.
9:40 of 1st period - Stopped by Calvin Pickard with a rebound.
9:50 of 1st period - Wrist shot by Eric Tangradi.
9:50 of 1st period - Shot Blocked by Jonas Brodin.
9:52 of 1st period - Wrist shot by Jonathan Tremblay.
9:52 of 1st period - Shot Blocked by Jonas Brodin.
9:54 of 1st period - Wrist shot by Nick Bonino.
9:54 of 1st period - Shot Misses the Net.
10:06 of 1st period - Logan Shaw is hit by Dave Dziurzynski and loses puck.
10:25 of 1st period - Wrist shot by Joonas Donskoi.
10:25 of 1st period - Stopped by Dustin Tokarski without a rebound.
10:26 of 1st period - Drayson Bowman wins face-off versus Seth Griffith in Gangsters zone.
10:57 of 1st period - Snap shot by Logan Shaw.
10:57 of 1st period - Shot Misses the Net.
10:59 of 1st period - Snap shot by Logan Shaw.
10:59 of 1st period - Shot Misses the Net.
11:01 of 1st period - Wrist shot by Cade Fairchild.
11:01 of 1st period - Deflect By Maxime Sauvé.
11:01 of 1st period - Stopped by Dustin Tokarski without a rebound.
11:02 of 1st period - Tomas Hertl wins face-off versus Nick Bonino in Gangsters zone.
11:46 of 1st period - Snap shot by Richard Panik.
11:46 of 1st period - Stopped by Calvin Pickard with a rebound.
11:48 of 1st period - Wrist shot by Richard Panik.
11:48 of 1st period - Stopped by Calvin Pickard with a rebound.
11:50 of 1st period - Snap shot by Derrick Pouliot.
11:50 of 1st period - Shot Blocked by Ben Hutton.
12:18 of 1st period - Nick Bonino is hit by Sebastian Collberg and loses puck.
12:25 of 1st period - Matt Delahey is hit by Jonathan Tremblay.
13:52 of 1st period - Wrist shot by Maxime Sauvé.
13:52 of 1st period - Goal by Maxime Sauvé - Gangsters : 2 - Mulligans : 0.
13:53 of 1st period - Richard Panik wins face-off versus Nick Bonino in neutral zone.
14:26 of 1st period - Matt Donovan is hit by Stefan Noesen and loses puck.
14:31 of 1st period - Snap shot by David Pope.
14:31 of 1st period - Stopped by Calvin Pickard without a rebound.
14:32 of 1st period - Nick Bonino wins face-off versus Maxime Sauvé in Mulligans zone.
14:43 of 1st period - Slapshot by Eric Tangradi.
14:43 of 1st period - Stopped by Dustin Tokarski with a rebound.
14:45 of 1st period - Slapshot by Cade Fairchild.
14:45 of 1st period - Shot Misses the Net.
14:47 of 1st period - Snap shot by Michael Sdao.
14:47 of 1st period - Shot Misses the Net.
14:57 of 1st period - Stefan Noesen is hit by Sven Baertschi and loses puck.
15:04 of 1st period - Snap shot by Anton Lander.
15:04 of 1st period - Stopped by Dustin Tokarski with a rebound.
15:06 of 1st period - Wrist shot by Sven Baertschi.
15:06 of 1st period - Deflect By David Pope.
15:06 of 1st period - Stopped by Dustin Tokarski with a rebound.
15:12 of 1st period - Minor Penalty to Stefan Noesen for Close Hand On Puck.
15:13 of 1st period - Maxime Sauvé wins face-off versus Eric Tangradi in Gangsters zone.
15:25 of 1st period - Off-side.
15:26 of 1st period - Maxime Sauvé wins face-off versus Nick Bonino in neutral zone.
17:12 of 1st period - Penalty to Stefan Noesen is over, Stefan Noesen is back on ice.
17:52 of 1st period - Icing by Derrick Pouliot.
17:53 of 1st period - Alexander Wennberg wins face-off versus Maxime Macenauer in Gangsters zone.
18:06 of 1st period - Icing by Drayson Bowman.
18:07 of 1st period - Joonas Donskoi wins face-off versus Maxime Sauvé in Mulligans zone.
18:28 of 1st period - Wrist shot by Joonas Donskoi.
18:28 of 1st period - Deflect By Drayson Bowman.
18:28 of 1st period - Stopped by Dustin Tokarski with a rebound.
18:30 of 1st period - Wrist shot by Joonas Donskoi.
18:30 of 1st period - Stopped by Dustin Tokarski with a rebound.
18:32 of 1st period - Snap shot by Maxime Macenauer.
18:32 of 1st period - Shot Misses the Net.
18:34 of 1st period - Wrist shot by Michael Sdao.
18:34 of 1st period - Shot Blocked by Tomas Hertl.
18:36 of 1st period - Slapshot by Maxime Macenauer.
18:36 of 1st period - Shot Misses the Net.
18:38 of 1st period - Slapshot by Cade Fairchild.
18:38 of 1st period - Shot Misses the Net.
19:04 of 1st period - Snap shot by Drayson Bowman.
19:04 of 1st period - Stopped by Dustin Tokarski without a rebound.
19:05 of 1st period - Maxime Sauvé wins face-off versus Nick Bonino in Gangsters zone.
19:09 of 1st period - Minor Penalty to Brett Ponich for Tripping.
19:10 of 1st period - Nick Bonino wins face-off versus Maxime Sauvé in Gangsters zone.
19:14 of 1st period - Slapshot by Matt Donovan.
19:14 of 1st period - Deflect By Richard Panik.
19:14 of 1st period - Stopped by Dustin Tokarski with a rebound.
19:16 of 1st period - Wrist shot by Nick Bonino.
19:16 of 1st period - Goal by Nick Bonino - Gangsters : 2 - Mulligans : 1.
19:17 of 1st period - Maxime Sauvé wins face-off versus Nick Bonino in neutral zone.
19:26 of 1st period - Snap shot by Nick Bonino.
19:26 of 1st period - Shot Misses the Net.
19:28 of 1st period - Slapshot by Matt Donovan.
19:28 of 1st period - Shot Misses the Net.
19:30 of 1st period - Wrist shot by Matt Donovan.
19:30 of 1st period - Shot Misses the Net.
19:32 of 1st period - Snap shot by Eric Tangradi.
19:32 of 1st period - Shot Misses the Net.
19:38 of 1st period - Minor Penalty to Richard Panik for Holding.
19:39 of 1st period - Nick Bonino wins face-off versus Maxime Sauvé in Gangsters zone.
Goals for this period are 2 for Gangsters vs 1 for Mulligans.
Shots for this period are 10 for Gangsters vs 14 for Mulligans.
2nd period
0:01 of 2nd period - Maxime Sauvé wins face-off versus Nick Bonino in neutral zone.
1:38 of 2nd period - Penalty to Richard Panik is over, Richard Panik is back on ice.
2:03 of 2nd period - Michael Sdao is hit by Dave Dziurzynski and loses puck.
2:58 of 2nd period - Maxime Sauvé is hit by Logan Shaw and loses puck.
3:45 of 2nd period - Snap shot by Seth Griffith.
3:45 of 2nd period - Stopped by Calvin Pickard with a rebound.
3:49 of 2nd period - Snap shot by Jonas Brodin.
3:49 of 2nd period - Shot Blocked by Matt Donovan.
3:51 of 2nd period - Snap shot by Jonas Brodin.
3:51 of 2nd period - Shot Blocked by Matt Donovan.
4:03 of 2nd period - Phillip Danault is hit by Logan Shaw.
4:37 of 2nd period - Slapshot by Matt Donovan.
4:37 of 2nd period - Deflect By Matt Beleskey.
4:37 of 2nd period - Stopped by Dustin Tokarski with a rebound.
4:39 of 2nd period - Snap shot by Christoph Bertschy.
4:39 of 2nd period - Shot Misses the Net.
4:41 of 2nd period - Slapshot by Dalton Thrower.
4:41 of 2nd period - Stopped by Dustin Tokarski without a rebound.
4:42 of 2nd period - Tomas Hertl wins face-off versus Christoph Bertschy in Gangsters zone.
4:42 of 2nd period - Tomas Hertl is hit by Matt Beleskey.
5:44 of 2nd period - Snap shot by Maxime Sauvé.
5:44 of 2nd period - Stopped by Calvin Pickard without a rebound.
5:45 of 2nd period - Maxime Macenauer wins face-off versus Seth Griffith in Mulligans zone.
5:50 of 2nd period - Slapshot by Drayson Bowman.
5:50 of 2nd period - Deflect By Joonas Donskoi.
5:50 of 2nd period - Stopped by Dustin Tokarski with a rebound.
5:52 of 2nd period - Backhand shot by Maxime Macenauer.
5:52 of 2nd period - Stopped by Dustin Tokarski with a rebound.
5:54 of 2nd period - Snap shot by Drayson Bowman.
5:54 of 2nd period - Shot Misses the Net.
5:58 of 2nd period - Slapshot by Drayson Bowman.
5:58 of 2nd period - Shot Misses the Net.
6:23 of 2nd period - Slapshot by Maxime Macenauer.
6:23 of 2nd period - Goal by Maxime Macenauer - Gangsters : 2 - Mulligans : 2.
6:24 of 2nd period - Nick Bonino wins face-off versus Tomas Hertl in neutral zone.
6:37 of 2nd period - Snap shot by Tomas Hertl.
6:37 of 2nd period - Deflect By Matt Donovan.
6:37 of 2nd period - Stopped by Calvin Pickard with a rebound.
6:49 of 2nd period - Alexander Wennberg is hit by Maxime Macenauer and loses puck.
7:00 of 2nd period - Wrist shot by Alexander Wennberg.
7:00 of 2nd period - Stopped by Calvin Pickard without a rebound.
7:01 of 2nd period - Nick Bonino wins face-off versus Maxime Sauvé in Mulligans zone.
7:10 of 2nd period - Wrist shot by Richard Panik.
7:10 of 2nd period - Shot Misses the Net.
7:18 of 2nd period - Richard Panik is hit by Jonathan Tremblay and loses puck.
7:39 of 2nd period - Wrist shot by Tomas Hertl.
7:39 of 2nd period - Shot Misses the Net.
8:09 of 2nd period - Matt Beleskey is hit by Patrik Nemeth and loses puck.
8:38 of 2nd period - Wrist shot by Tomas Hertl.
8:38 of 2nd period - Shot Blocked by Jonathan Tremblay.
9:20 of 2nd period - Snap shot by Alexander Wennberg.
9:20 of 2nd period - Stopped by Calvin Pickard without a rebound.
9:21 of 2nd period - Nick Bonino wins face-off versus Tomas Hertl in Mulligans zone.
9:26 of 2nd period - Wrist shot by David Pope.
9:26 of 2nd period - Stopped by Calvin Pickard with a rebound.
9:28 of 2nd period - Snap shot by David Pope.
9:28 of 2nd period - Shot Misses the Net.
9:30 of 2nd period - Backhand shot by Morgan Ellis.
9:30 of 2nd period - Deflect By Matt Donovan.
9:30 of 2nd period - Stopped by Calvin Pickard without a rebound.
9:31 of 2nd period - Tomas Hertl wins face-off versus Nick Bonino in Mulligans zone.
9:32 of 2nd period - Wrist shot by Stefan Noesen.
9:32 of 2nd period - Stopped by Calvin Pickard without a rebound.
9:33 of 2nd period - Maxime Sauvé wins face-off versus Nick Bonino in Mulligans zone.
11:04 of 2nd period - Wrist shot by Stefan Noesen.
11:04 of 2nd period - Shot Blocked by Darren Dietz.
11:06 of 2nd period - Slapshot by Matt Delahey.
11:06 of 2nd period - Stopped by Calvin Pickard with a rebound.
11:48 of 2nd period - Slapshot by Richard Panik.
11:48 of 2nd period - Stopped by Calvin Pickard without a rebound.
11:49 of 2nd period - Maxime Sauvé wins face-off versus Nick Bonino in Mulligans zone.
11:52 of 2nd period - Wrist shot by Richard Panik.
11:52 of 2nd period - Stopped by Calvin Pickard with a rebound.
12:29 of 2nd period - Minor Penalty to Joonas Donskoi for Hooking.
12:30 of 2nd period - Maxime Sauvé wins face-off versus Anton Lander in Mulligans zone.
12:35 of 2nd period - Snap shot by Maxime Sauvé.
12:35 of 2nd period - Shot Misses the Net.
12:37 of 2nd period - Wrist shot by Dave Dziurzynski.
12:37 of 2nd period - Shot Blocked by Jonathan Tremblay.
12:39 of 2nd period - Snap shot by Patrik Nemeth.
12:39 of 2nd period - Shot Misses the Net.
12:41 of 2nd period - Snap shot by Richard Panik.
12:41 of 2nd period - Shot Misses the Net.
12:43 of 2nd period - Slapshot by Patrik Nemeth.
12:43 of 2nd period - Shot Blocked by Cody Goloubef.
13:03 of 2nd period - Snap shot by David Pope.
13:03 of 2nd period - Stopped by Calvin Pickard without a rebound.
13:04 of 2nd period - David Pope wins face-off versus Anton Lander in Mulligans zone.
13:05 of 2nd period - Slapshot by Tomas Hertl.
13:05 of 2nd period - Stopped by Calvin Pickard without a rebound.
13:06 of 2nd period - Anton Lander wins face-off versus Maxime Sauvé in Mulligans zone.
13:06 of 2nd period - Anton Lander is hit by Dave Dziurzynski.
13:22 of 2nd period - Snap shot by Maxime Sauvé.
13:22 of 2nd period - Shot Misses the Net.
13:42 of 2nd period - Wrist shot by David Pope.
13:42 of 2nd period - Shot Misses the Net.
14:29 of 2nd period - Penalty to Joonas Donskoi is over, Joonas Donskoi is back on ice.
14:35 of 2nd period - Matt Donovan is hit by Patrik Nemeth.
14:41 of 2nd period - Slapshot by Phillip Danault.
14:41 of 2nd period - Stopped by Calvin Pickard with a rebound.
14:43 of 2nd period - Snap shot by Derrick Pouliot.
14:43 of 2nd period - Shot Blocked by Matt Donovan.
14:45 of 2nd period - Backhand shot by Derrick Pouliot.
14:45 of 2nd period - Shot Blocked by Matt Donovan.
15:22 of 2nd period - Ben Hutton is hit by Stefan Noesen and loses puck.
16:11 of 2nd period - Matt Beleskey is hit by David Pope and loses puck.
16:19 of 2nd period - Icing by Cade Fairchild.
16:20 of 2nd period - Seth Griffith wins face-off versus Anton Lander in Mulligans zone.
16:21 of 2nd period - Snap shot by Jonas Brodin.
16:21 of 2nd period - Stopped by Calvin Pickard without a rebound.
16:22 of 2nd period - Logan Shaw wins face-off versus Seth Griffith in Mulligans zone.
16:39 of 2nd period - Sven Baertschi is hit by Derrick Pouliot and loses puck.
16:46 of 2nd period - Derrick Pouliot is hit by Logan Shaw.
17:10 of 2nd period - Derrick Pouliot is hit by Michael Sdao and loses puck.
17:36 of 2nd period - Wrist shot by Anton Lander.
17:36 of 2nd period - Stopped by Dustin Tokarski without a rebound.
17:37 of 2nd period - Nick Bonino wins face-off versus Maxime Sauvé in Gangsters zone.
17:52 of 2nd period - Slapshot by Nick Bonino.
17:52 of 2nd period - Shot Misses the Net.
17:58 of 2nd period - Minor Penalty to Brett Ponich for High sticking.
17:59 of 2nd period - Maxime Sauvé wins face-off versus Nick Bonino in Gangsters zone.
17:59 of 2nd period - Maxime Sauvé is hit by Jonathan Tremblay.
18:15 of 2nd period - Richard Panik is hit by Jonathan Tremblay and loses puck.
19:30 of 2nd period - Nick Bonino is hit by David Pope and loses puck.
19:58 of 2nd period - Penalty to Brett Ponich is over, Brett Ponich is back on ice.
Goals for this period are 0 for Gangsters vs 1 for Mulligans.
Shots for this period are 15 for Gangsters vs 6 for Mulligans.
3rd period
0:01 of 3rd period - Maxime Sauvé wins face-off versus Nick Bonino in neutral zone.
0:12 of 3rd period - Wrist shot by Eric Tangradi.
0:12 of 3rd period - Stopped by Dustin Tokarski without a rebound.
0:13 of 3rd period - Nick Bonino wins face-off versus Maxime Sauvé in Gangsters zone.
0:24 of 3rd period - Wrist shot by Richard Panik.
0:24 of 3rd period - Shot Misses the Net.
0:46 of 3rd period - Sven Baertschi is hit by David Pope and loses puck.
1:03 of 3rd period - Drayson Bowman is hit by Phillip Danault and loses puck.
1:59 of 3rd period - Snap shot by Nick Bonino.
1:59 of 3rd period - Shot Misses the Net.
2:01 of 3rd period - Slapshot by Nick Bonino.
2:01 of 3rd period - Shot Misses the Net.
2:15 of 3rd period - David Pope is hit by Anton Lander and loses puck.
2:26 of 3rd period - Cade Fairchild is hit by David Pope and loses puck.
3:07 of 3rd period - Wrist shot by Maxime Macenauer.
3:07 of 3rd period - Stopped by Dustin Tokarski without a rebound.
3:08 of 3rd period - Maxime Sauvé wins face-off versus Nick Bonino in Gangsters zone.
3:44 of 3rd period - Slapshot by Jonas Brodin.
3:44 of 3rd period - Stopped by Calvin Pickard with a rebound.
4:18 of 3rd period - Wrist shot by Nick Bonino.
4:18 of 3rd period - Shot Misses the Net.
4:30 of 3rd period - Backhand shot by Drayson Bowman.
4:30 of 3rd period - Shot Blocked by Morgan Ellis.
4:32 of 3rd period - Slapshot by Ben Hutton.
4:32 of 3rd period - Deflect By Richard Panik.
4:32 of 3rd period - Stopped by Dustin Tokarski without a rebound.
4:33 of 3rd period - Maxime Macenauer wins face-off versus Dave Dziurzynski in Gangsters zone.
4:42 of 3rd period - Slapshot by Dave Dziurzynski.
4:42 of 3rd period - Stopped by Calvin Pickard without a rebound.
4:43 of 3rd period - Maxime Sauvé wins face-off versus Nick Bonino in Mulligans zone.
4:57 of 3rd period - Wrist shot by Maxime Sauvé.
4:57 of 3rd period - Shot Misses the Net.
5:33 of 3rd period - Snap shot by Christoph Bertschy.
5:33 of 3rd period - Stopped by Dustin Tokarski with a rebound.
5:35 of 3rd period - Backhand shot by Matt Beleskey.
5:35 of 3rd period - Shot Misses the Net.
5:37 of 3rd period - Snap shot by Christoph Bertschy.
5:37 of 3rd period - Stopped by Dustin Tokarski without a rebound.
5:38 of 3rd period - Richard Panik wins face-off versus Nick Bonino in Gangsters zone.
6:05 of 3rd period - Anton Lander is hit by David Pope and loses puck.
6:10 of 3rd period - Snap shot by Tomas Hertl.
6:10 of 3rd period - Stopped by Calvin Pickard with a rebound.
6:14 of 3rd period - Snap shot by Tomas Hertl.
6:14 of 3rd period - Stopped by Calvin Pickard without a rebound.
6:15 of 3rd period - Nick Bonino wins face-off versus Maxime Sauvé in Mulligans zone.
6:40 of 3rd period - Jonas Brodin is hit by Logan Shaw and loses puck.
6:53 of 3rd period - Logan Shaw is hit by Tomas Hertl and loses puck.
7:16 of 3rd period - Slapshot by Cade Fairchild.
7:16 of 3rd period - Shot Misses the Net.
7:18 of 3rd period - Slapshot by Matt Beleskey.
7:18 of 3rd period - Stopped by Dustin Tokarski without a rebound.
7:19 of 3rd period - Nick Bonino wins face-off versus Maxime Sauvé in Gangsters zone.
7:48 of 3rd period - Snap shot by Logan Shaw.
7:48 of 3rd period - Goal by Logan Shaw - Gangsters : 2 - Mulligans : 3.
7:49 of 3rd period - Maxime Sauvé wins face-off versus Nick Bonino in neutral zone.
7:54 of 3rd period - Wrist shot by Nick Bonino.
7:54 of 3rd period - Stopped by Dustin Tokarski with a rebound.
7:56 of 3rd period - Minor Penalty to Maxime Sauvé for Holding.
7:57 of 3rd period - Nick Bonino wins face-off versus Phillip Danault in Gangsters zone.
8:26 of 3rd period - Patrik Nemeth is hit by Matt Donovan and loses puck.
9:56 of 3rd period - Penalty to Maxime Sauvé is over, Maxime Sauvé is back on ice.
10:13 of 3rd period - Snap shot by Dave Dziurzynski.
10:13 of 3rd period - Stopped by Calvin Pickard with a rebound.
10:48 of 3rd period - Maxime Macenauer is hit by Maxime Sauvé.
10:58 of 3rd period - Snap shot by Stefan Noesen.
10:58 of 3rd period - Stopped by Calvin Pickard without a rebound.
10:59 of 3rd period - Matt Beleskey wins face-off versus David Pope in Mulligans zone.
11:12 of 3rd period - Matt Donovan is hit by Brett Ponich and loses puck.
11:26 of 3rd period - Off-side.
11:27 of 3rd period - Nick Bonino wins face-off versus Maxime Sauvé in neutral zone.
11:54 of 3rd period - Patrik Nemeth is hit by Joonas Donskoi and loses puck.
12:05 of 3rd period - Slapshot by Maxime Macenauer.
12:05 of 3rd period - Shot Misses the Net.
12:07 of 3rd period - Slapshot by Cade Fairchild.
12:07 of 3rd period - Stopped by Dustin Tokarski with a rebound.
12:41 of 3rd period - Slapshot by Matt Delahey.
12:41 of 3rd period - Deflect By Alexander Wennberg.
12:41 of 3rd period - Shot Misses the Net.
12:41 of 3rd period - Puck is out of play.
12:42 of 3rd period - Nick Bonino wins face-off versus Alexander Wennberg in Mulligans zone.
12:42 of 3rd period - Nick Bonino is hit by Phillip Danault.
12:54 of 3rd period - Snap shot by Nick Bonino.
12:54 of 3rd period - Deflect By Jonathan Tremblay.
12:54 of 3rd period - Shot Blocked by Alexander Wennberg.
12:54 of 3rd period - Puck is out of play.
12:55 of 3rd period - Tomas Hertl wins face-off versus Nick Bonino in Gangsters zone.
13:01 of 3rd period - Minor Penalty to Eric Tangradi for Boarding.
13:02 of 3rd period - Anton Lander wins face-off versus Maxime Sauvé in Mulligans zone.
13:12 of 3rd period - Backhand shot by Richard Panik.
13:12 of 3rd period - Stopped by Calvin Pickard with a rebound.
13:14 of 3rd period - Slapshot by Matt Delahey.
13:14 of 3rd period - Shot Misses the Net.
13:16 of 3rd period - Snap shot by Dave Dziurzynski.
13:16 of 3rd period - Goal by Dave Dziurzynski - Gangsters : 3 - Mulligans : 3.
13:17 of 3rd period - Nick Bonino wins face-off versus Maxime Sauvé in neutral zone.
13:55 of 3rd period - Wrist shot by Logan Shaw.
13:55 of 3rd period - Shot Blocked by Tomas Hertl.
13:57 of 3rd period - Wrist shot by Sven Baertschi.
13:57 of 3rd period - Shot Misses the Net.
14:07 of 3rd period - Michael Sdao is hit by Brett Ponich and loses puck.
14:53 of 3rd period - Slapshot by Ben Hutton.
14:53 of 3rd period - Stopped by Dustin Tokarski without a rebound.
14:54 of 3rd period - Anton Lander wins face-off versus Tomas Hertl in Gangsters zone.
15:03 of 3rd period - Jonas Brodin is hit by Cody Goloubef and loses puck.
15:07 of 3rd period - Icing by Jonas Brodin.
15:08 of 3rd period - Nick Bonino wins face-off versus Tomas Hertl in Gangsters zone.
15:47 of 3rd period - Snap shot by Logan Shaw.
15:47 of 3rd period - Deflect By Anton Lander.
15:47 of 3rd period - Goal by Anton Lander - Gangsters : 3 - Mulligans : 4.
15:48 of 3rd period - Nick Bonino wins face-off versus Maxime Sauvé in neutral zone.
15:51 of 3rd period - Wrist shot by Nick Bonino.
15:51 of 3rd period - Goal by Nick Bonino - Gangsters : 3 - Mulligans : 5.
15:52 of 3rd period - Maxime Sauvé wins face-off versus Jonathan Tremblay in neutral zone.
15:54 of 3rd period - Minor Penalty to Matt Delahey for High sticking.
15:55 of 3rd period - Maxime Sauvé wins face-off versus Nick Bonino in Gangsters zone.
16:21 of 3rd period - Logan Shaw is hit by Tomas Hertl.
16:31 of 3rd period - Snap shot by Logan Shaw.
16:31 of 3rd period - Deflect By Alexander Wennberg.
16:31 of 3rd period - Goal by Logan Shaw - Gangsters : 3 - Mulligans : 6.
16:32 of 3rd period - Richard Panik wins face-off versus Nick Bonino in neutral zone.
16:37 of 3rd period - Snap shot by Richard Panik.
16:37 of 3rd period - Shot Misses the Net.
16:39 of 3rd period - Slapshot by Matt Delahey.
16:39 of 3rd period - Stopped by Calvin Pickard with a rebound.
16:41 of 3rd period - Snap shot by Matt Delahey.
16:41 of 3rd period - Stopped by Calvin Pickard without a rebound.
16:42 of 3rd period - Eric Tangradi wins face-off versus Maxime Sauvé in Mulligans zone.
16:57 of 3rd period - Snap shot by Dave Dziurzynski.
16:57 of 3rd period - Stopped by Calvin Pickard without a rebound.
16:58 of 3rd period - Tomas Hertl wins face-off versus Anton Lander in Mulligans zone.
16:59 of 3rd period - Snap shot by David Pope.
16:59 of 3rd period - Stopped by Calvin Pickard with a rebound.
Goals for this period are 1 for Gangsters vs 4 for Mulligans.
Shots for this period are 12 for Gangsters vs 13 for Mulligans.
Back to the Top